 Dungeon Crawl Stone Soup version bcrawl-1.21.3-2-g9d8a61a446 (webtiles) character file.

Game seed: 13414341907562345667

18 funkygono the Stinger (level 2, -5/19 HPs)
             Began as a Formicid Venom Mage on Apr 16, 2020.
             Slain by a worm (12 damage)
             ... on level 1 of the Dungeon.
             The game lasted 00:01:38 (469 turns).

funkygono the Stinger (Formicid Venom Mage)          Turns: 469, Time: 00:01:39

Health: -5/19      AC:  2    Str: 12    XL:     2   Next: 90%
Magic:  2/5        EV: 12    Int: 14    God:
Gold:   14         SH:  0    Dex: 11    Spells: 5/6 levels left

rFire    . . .     SeeInvis +   g - +0 club
rCold    . . .     Gourm    .   (no shield)
rNeg     . . .     Faith    .   a - +0 robe
rPois    .         Spirit   .   (helmet unavailable)
rElec    .         Reflect  .   (no cloak)
rCorr    .         Harm     .   (no gloves)
MR       .....                  (no boots)
Stlth    ++........             (no amulet)
HPRegen  0.06/turn              (no ring)
MPRegen  0.09/turn              (no ring)

@: no status effects
A: permanent stasis, dig shafts and tunnels, four strong arms, antennae 3
a: Dig, Shaft Self


You were on level 1 of the Dungeon.
You were not hungry.

You visited 1 branch of the dungeon, and saw 1 of its levels.

You collected 14 gold pieces.

Inventory:

Hand Weapons
 g - a +0 club (weapon)
Armour
 a - a +0 robe (worn)
Potions
 c - a potion of berserk rage
 d - a potion of degeneration
 f - a potion of haste {unknown}
Comestibles
 b - 5 chunks of flesh
 e - a ration {!d}


   Skills:
 + Level 2.0 Dodging
 + Level 2.8 Stealth
 + Level 2.5 Spellcasting
 + Level 0.9 Conjurations
 + Level 4.6 Poison Magic


You had 5 spell levels left.
You knew the following spells:

 Your Spells              Type           Power        Failure   Level  Hunger
a - Sting                 Conj/Pois      #...         7%          1    #......

Your spell library contained the following spells:

 Spells                   Type           Power        Failure   Level  Hunger
 Poisonous Vapours        Pois/Air       #.....       13%         2    ###....
 Olgreb's Toxic Radiance  Pois           ##......     32%         4    #####..
 Ignite Poison            Fire/Tmut/Pois #.......     34%         3    ###....
 Summon Scorpions         Summ/Pois      #.......     65%         4    #####..
 Venom Bolt               Conj/Pois      #.........   89%         5    ######.


Dungeon Overview and Level Annotations

Branches:
Dungeon (1/12)

Altars:


Innate Abilities, Weirdness & Mutations

You cannot be hasted, slowed, berserked, paralysed or teleported.
You can dig through walls and to a lower floor.
Your four strong arms can wield two-handed weapons with a shield.
You have a pair of large antennae on your head. (SInv)


Message History

Confirm with . or Enter, or press ? or * to list all spells.
Aiming: Sting (safe; 7% risk of failure)
Press: ? - help, Shift-Dir - straight line, f/p - worm
Aim: a worm (lightly wounded)
The sting misses the worm.
The worm barely misses you.
You hit the worm but do no damage.
The worm is lightly wounded.
You hit the worm.
The worm is moderately wounded.
The worm bites you.
Casting: Sting (safe; 7% risk of failure)
Confirm with . or Enter, or press ? or * to list all spells.
Aiming: Sting (safe; 7% risk of failure)
Press: ? - help, Shift-Dir - straight line, f/p - worm
Aim: a worm (moderately wounded)
The sting hits the worm.
The worm is poisoned.
The worm is heavily wounded.
The worm bites you!
Ouch! That really hurt!
You die...

#...........##
#######.#### #.#
#.# #.# #####
#.# #....
##########.##
#.###
#.##...........#
#.#
#†....w@......##
#.#
####.########.#
#.# #. #.# #.#
#w #.# #.### ..
#.# #.... ##
#.#########.
#........#.#
########..##
#.#.#


You could see a worm.

Vanquished Creatures
  A dart slug (D:1)
  A giant cockroach (D:1)
  A goblin (D:1)
  3 hobgoblins (D:1)
  2 jackals (D:1)
  A ball python (D:1)
  A bat (D:1)
  6 frilled lizards (D:1)
  A kobold (D:1)
17 creatures vanquished.

Notes
Turn   | Place    | Note
-------+----------+-------------------------------------------
     0 | D:1      | funkygono the Formicid Venom Mage began the quest for the
                  | Orb.
     0 | D:1      | Reached XP level 1. HP: 13/13 MP: 3/3
   155 | D:1      | Reached XP level 2. HP: 19/19 MP: 3/5
   469 | D:1      | Slain by a worm

Skill      XL: |  1  2 |
---------------+-------+-----
Dodging        | 2 |  2.0
Stealth        | |  2.8
Spellcasting   | |  2.5
Conjurations   | |  0.9
Poison Magic   | |  4.6

Action                   || total
-------------------------++-------
Melee: Unarmed           ||    12
       Club              ||     5
 Cast: Sting             ||    25
Armor: Robe              ||     1
Dodge: Dodged            ||    11
